 Dungeon Sprint DCSS version 0.18-a0-1788-g92de1ac (webtiles) character file.

5100 Kidiri the Unseen (level 10, -1/44 HPs)
             Began as a Spriggan Enchanter on Apr 20, 2016.
             Was a Priest of Dithmenos.
             Slain by a spriggan rider
             ... wielding a cursed +0 spear
              (17 damage)
             ... in the Dungeon (Sprint IV: "Fedhas' Mad Dash").
             The game lasted 00:06:52 (1953 turns).

Kidiri the Unseen (Spriggan Enchanter)              Turns: 1953, Time: 00:06:52

Health: -1/44      AC:  6    Str:  4    XL:     10   Next: 32%
Magic:  26/28      EV: 28    Int: 19    God:    Dithmenos [***...]
Gold:   190        SH:  0    Dex: 18    Spells: 7 memorised, 12 levels left

rFire  . . .     SeeInvis +     a - +1 dagger
rCold  . . .     Gourm    .     b - +1 robe
rNeg   . . .     Faith    .     (shield restricted)
rPois  .         Spirit   .     (helmet restricted)
rElec  .         Dismiss  .     k - +2 cloak {+Inv}
rCorr  .         Reflect  .     (gloves unavailable)
SustAt .         Harm     .     (boots unavailable)
MR     +....     NoTele   +     (no amulet)
Stlth  ++++++++++               (no ring)
                                (no ring)

@: very slightly contaminated, hasted, wreathed by umbra, very quick, somewhat
resistant to hostile enchantments, uncannily stealthy
A: unfitting armour, see invisible, herbivore 3, speed 3, slow metabolism 2
a: Shadow Step, Renounce Religion, Evoke Invisibility


You were in the Dungeon.
You worshipped Dithmenos.
Dithmenos was most pleased with you.
You were hungry.

You visited 1 branch You collected 190 gold pieces.

Inventory:

Hand Weapons
 a - a +1 dagger (weapon)
Armour
 b - a +1 robe (worn)
 k - a +2 cloak of invisibility (worn)
Scrolls
 j - a scroll of blinking
Potions
 e - 3 potions of curing
 m - a potion of agility {unknown}
Books
 c - a book of Maledictions

   Spells                             Type                      Level
   a - Corona                         Hexes                        1
   b - Ensorcelled Hibernation        Hexes/Ice                    2
   c - Confuse                        Hexes                        3
   d - Tukima's Dance                 Hexes                        3
   e - Dazzling Spray                 Conjuration/Hexes            3
 i - a book of Dreams

   Spells                             Type                      Level
   a - Ensorcelled Hibernation        Hexes/Ice                    2
   b - Silence                        Hexes/Air                    5
   c - Darkness                       Hexes                        6
   d - Shadow Creatures               Summoning                    6
 l - a book of Death

   Spells                             Type                      Level
   a - Corpse Rot                     Necromancy                   2
   b - Sublimation of Blood           Necromancy                   2
   c - Agony                          Necromancy                   5
   d - Dispel Undead                  Necromancy                   5
   e - Excruciating Wounds            Charms/Necromancy            5
   f - Bolt of Draining               Conjuration/Necromancy       5
Comestibles
 d - 3 royal jellies


   Skills:
 * Level 11.9 Short Blades
 + Level 11.4 Dodging
 * Level 16.4 Stealth
 * Level 13.0 Spellcasting
 + Level 5.0 Conjurations
 + Level 10.1 Hexes
 * Level 3.2 Necromancy
 + Level 6.1 Ice Magic
 - Level 4.2 Invocations


You had 12 spell levels left.
You knew the following spells:

 Your Spells              Type           Power        Failure   Level  Hunger
a - Corona                Hex            ######.      1%          1    None
b - Ensorcelled Hibernat  Hex/Ice        #####.       1%          2    None
c - Confuse               Hex            ######..     1%          3    None
d - Tukima's Dance        Hex            ######..     1%          3    None
e - Dazzling Spray        Conj/Hex       #####...     1%          3    None
f - Darkness              Hex            ######....   17%         6    ######.
g - Bolt of Draining      Conj/Necr      ####......   34%         5    ####...


Dungeon Overview and Level Annotations

Branches:
Dungeon (1/1)

Altars:
Cheibriados
Dithmenos
Elyvilon
Gozag
Kikubaaqudgha
Makhleb
Nemelex Xobeh
Okawaru
Pakellas
Qazlal
Ru
Sif Muna
Trog
Vehumet
Xom
Yredelemnul
Zin
The Shining One
Beogh
Jiyva
Lugonu

Shops:
D ?![[


Innate Abilities, Weirdness & Mutations

You are tiny and cannot use many weapons and most armour.
You have supernaturally acute eyesight.
You are a herbivore.
You cover ground extremely quickly.
You need consume almost no food.


Message History

You close the door.
There is an open door, covered with mould here.
You close the door.
You start resting.
The darkness around you begins to abate.
You start resting.
The ambient light returns to normal.
You start resting.
Magic restored.
You start resting.
A spriggan rider opens the door.
It is wielding a spear.
Casting: Dazzling Spray
Confirm with . or Enter, or press ? or * to list all spells.
Aiming: Ensorcelled Hibernation
Press: ? - help, Shift-Dir - straight line, f/p - spriggan rider
Aim: a spriggan rider, wielding a spear and wearing a buckler (lightly wounded, hasn't noticed you, umbra, chance to defeat MR: 9%)
The spriggan rider shouts!
The spriggan rider resists with almost no effort.
The spriggan rider hits you from afar with a spear!
You die...

#################################
...#.⌠...)_....⌠.#..+...#.%..##∩#
.).+._._._._._._.+..#...#....+[|#
...#_._._._._._._#..###+##.((##∩#
#'##._._._._._._.#.)##∩∩.+...####
...#.⌠...._....⌠.############# #
...###################..§§[(###..
####♣♣♣♣♣..♣.###@'i.'...§§.)'%)..
.)'......♣..♣##..#..#.P.§§.)#####
..#♣..♣♣♣.♣).###.##+##.P§§..#
..#.♣♣.(♣...♣'...# ########
##################


You could see a spriggan rider.

Vanquished Creatures
  A spriggan druid (D)
  6 oklob plants (D)
  A demonic crawler (D)
  3 burning bushes (D)
  A queen bee (D)
  3 wandering mushrooms (D)
  2 scorpions (D)
  4 killer bees (D)
  5 oklob saplings (D)
  A worker ant (D)
  4 spriggans (D)
  A river rat (D)
  A rat (D)
  2 ballistomycetes (D)
35 creatures vanquished.

Vanquished Creatures (others)
  A giant spore (D)
1 creature vanquished.

Grand Total: 36 creatures vanquished

Notes
Turn   | Place    | Note
--------------------------------------------------------------
     0 | D        | Kidiri the Spriggan Enchanter began the quest for the Orb.
     0 | D        | Reached XP level 1. HP: 9/9 MP: 5/5
     8 | D        | Reached skill level 5 in Stealth
     8 | D        | Reached XP level 2. HP: 13/13 MP: 7/7
    17 | D        | Learned a level 2 spell: Ensorcelled Hibernation
    35 | D        | Noticed an oklob sapling
    36 | D        | Killed an oklob sapling
    36 | D        | Reached skill level 6 in Stealth
    36 | D        | Reached XP level 3. HP: 16/16 MP: 7/9
    41 | D        | Learned a level 3 spell: Confuse
    45 | D        | Learned a level 3 spell: Tukima's Dance
    59 | D        | Reached skill level 7 in Stealth
    59 | D        | Reached skill level 1 in Ice Magic
    89 | D        | Found a snail-covered altar of Cheibriados.
    89 | D        | Found a glowing silver altar of Zin.
    89 | D        | Found a white marble altar of Elyvilon.
    90 | D        | Found a viscous altar of Jiyva.
    90 | D        | Found a radiant altar of Vehumet.
    90 | D        | Found a deep blue altar of Sif Muna.
    90 | D        | Found a burning altar of Makhleb.
    90 | D        | Found an oddly glowing altar of Pakellas.
    90 | D        | Found an ancient bone altar of Kikubaaqudgha.
    90 | D        | Found a bloodstained altar of Trog.
    90 | D        | Found a corrupted altar of Lugonu.
    90 | D        | Found a sacrificial altar of Ru.
    90 | D        | Noticed an oklob sapling priest
    91 | D        | Found a glowing golden altar of the Shining One.
    91 | D        | Found a sparkling altar of Nemelex Xobeh.
    92 | D        | Found a shadowy altar of Dithmenos.
    93 | D        | Found an iron altar of Okawaru.
    93 | D        | Found a shimmering altar of Xom.
    94 | D        | Found an opulent altar of Gozag.
    95 | D        | Found a basalt altar of Yredelemnul.
    95 | D        | Found a roughly hewn altar of Beogh.
    96 | D        | Killed an oklob sapling priest
    96 | D        | Reached skill level 5 in Dodging
    96 | D        | Reached skill level 8 in Stealth
    96 | D        | Reached skill level 5 in Spellcasting
    96 | D        | Reached skill level 5 in Hexes
    96 | D        | Reached XP level 4. HP: 21/21 MP: 8/12
    97 | D        | Found a stormy altar of Qazlal.
   101 | D        | Became a worshipper of Dithmenos the Shadowed
   254 | D        | Reached skill level 5 in Short Blades
   254 | D        | Reached skill level 1 in Invocations
   254 | D        | Reached XP level 5. HP: 24/24 MP: 10/14
   381 | D        | Reached skill level 9 in Stealth
   415 | D        | Learned a level 3 spell: Dazzling Spray
   623 | D        | Reached * piety under Dithmenos
   646 | D        | Found Pihank's Distillery.
   646 | D        | Found Agoyrutenni's Magic Scroll Emporium.
   654 | D        | Noticed a burning bush
   654 | D        | Noticed a wandering mushroom
   655 | D        | Noticed a wandering mushroom
   658 | D        | Killed a burning bush
   658 | D        | Reached skill level 11 in Stealth
   658 | D        | Reached skill level 1 in Conjurations
   658 | D        | Reached XP level 6. HP: 28/28 MP: 14/18
   659 | D        | Killed a wandering mushroom
   659 | D        | Reached XP level 7. HP: 32/32 MP: 14/20
   662 | D        | Killed a wandering mushroom
   662 | D        | Reached skill level 12 in Stealth
   669 | D        | Found Jumoucio's Antique Armour Emporium.
   670 | D        | Found Miohisulywn's Armour Shoppe.
   910 | D        | Noticed a queen bee
   917 | D        | Killed a queen bee
   917 | D        | Reached ** piety under Dithmenos
   917 | D        | Reached skill level 10 in Spellcasting
   917 | D        | Reached XP level 8. HP: 36/36 MP: 21/23
   920 | D        | Reached skill level 13 in Stealth
   941 | D        | Noticed an oklob plant
  1162 | D        | Killed an oklob plant
  1176 | D        | Noticed a burning bush
  1187 | D        | Killed a burning bush
  1187 | D        | Reached *** piety under Dithmenos
  1187 | D        | Reached skill level 10 in Short Blades
  1187 | D        | Reached skill level 14 in Stealth
  1187 | D        | Reached XP level 9. HP: 28/39 MP: 6/25
  1292 | D        | Noticed a burning bush
  1292 | D        | Noticed an oklob plant
  1293 | D        | Noticed a wandering mushroom
  1294 | D        | Killed a burning bush
  1294 | D        | Reached skill level 5 in Ice Magic
  1298 | D        | Killed an oklob plant
  1298 | D        | Reached skill level 10 in Dodging
  1307 | D        | Killed a wandering mushroom
  1307 | D        | Reached skill level 15 in Stealth
  1409 | D        | Noticed a spriggan druid
  1410 | D        | Killed a spriggan druid
  1432 | D        | Noticed an oklob plant conjurer
  1433 | D        | Killed an oklob plant conjurer
  1449 | D        | Learned a level 6 spell: Darkness
  1638 | D        | Noticed an oklob plant
  1638 | D        | Noticed an oklob plant summoner
  1793 | D        | Learned a level 5 spell: Bolt of Draining
  1799 | D        | Noticed an oklob plant shifter
  1811 | D        | Killed an oklob plant
  1811 | D        | Reached skill level 1 in Necromancy
  1811 | D        | Reached XP level 10. HP: 44/44 MP: 21/27
  1814 | D        | Killed an oklob plant summoner
  1814 | D        | Reached skill level 16 in Stealth
  1816 | D        | Killed an oklob plant shifter
  1893 | D        | Reached skill level 5 in Conjurations
  1893 | D        | Reached skill level 10 in Hexes
  1896 | D        | Noticed a spriggan rider
  1953 | D        | Slain by a spriggan rider

Vault maps used:
D:        dungeon_sprint_fedhas

Skill      XL: |  1  2  3  4  5  6  7  8  9 10 |
---------------+-------------------------------+-----
Short Blades   | 2 3 4 5 7 9 10 11 | 11.9
Stealth        | 5 6 8 11 12 14 15 16 | 16.4
Spellcasting   | 3 4 5 6 8 9 10 11 12 13 | 13.0
Hexes          | 4 5 6 7 8 9 10 | 10.1
Dodging        | 4 5 7 8 9 11 | 11.4
Ice Magic      | 1 2 3 4 5 6 |  6.1
Invocations    | 1 3 4 |  4.2
Conjurations   | 1 2 3 4 5 |  5.0
Necromancy     | 1 3 |  3.2

Action                   |  1- 3 |  4- 6 |  7- 9 | 10-12 || total
-------------------------+-------+-------+-------+-------++-------
Melee: Dagger            |     5 |    17 |    73 |     4 ||    99
 Cast: Confuse           |       |     4 |     1 |       ||     5
       Ensorcelled Hiber |       |     1 |       |     1 ||     2
       Dazzling Spray    |       |       |     5 |     3 ||     8
       Bolt of Draining  |       |       |       |     6 ||     6
       Darkness          |       |       |       |     1 ||     1
Invok: Shadow Step       |       |       |     2 |       ||     2
 Abil: Evoke Invisibilit |     1 |     3 |     7 |     1 ||    12
  Use: Potion            |       |     1 |       |     4 ||     5
 Stab: Sleeping          |     5 |     4 |     8 |     1 ||    18
       Invisible         |       |       |    12 |     2 ||    14
       Confused          |       |       |     2 |       ||     2
  Eat: Bread ration      |       |       |     1 |       ||     1
Armor: Robe              |       |     1 |       |       ||     1
Dodge: Dodged            |       |    15 |    20 |     6 ||    41
